 Dungeon Crawl Stone Soup version 0.31.0-9-g3a7656b989 (console) character file.

Game seed: 3904363797827812047

3273 AlterAsc the Cleaver (level 10, -8/70 HPs)
             Began as a Formicid Fighter on Jan 28, 2024.
             Was a Believer of Okawaru.
             Mangled by an orc warrior
             ... wielding a +0 dire flail
              (17 damage)
             ... on level 7 of the Dungeon.
             The game lasted 00:13:19 (8547 turns).

AlterAsc the Cleaver (Formicid Fighter)             Turns: 8547, Time: 00:13:19

Health: -8/70      AC: 14    Str: 31    XL:     10   Next: 19%
Magic:  10/12      EV: 12    Int:  8    God:    Okawaru [**....]
Gold:   381        SH:  6    Dex: 13    Spells: 9/9 levels left

rFire   . . .        a - +0 war axe
rCold   . . .        c - +0 buckler
rNeg    . . .        b - +0 scale mail
rPois   .            (helmet unavailable)
rElec   .            K - +2 cloak
rCorr   .            (no gloves)
SInv    +            H - +2 pair of boots {Fly}
Will    +....        (no amulet)
Stlth   +            f - +6 ring of strength
HPRegen 0.31/turn    (no ring)
MPRegen 0.13/turn

%: no passive effects
@: heroic, flying
A: permanent stasis, dig shafts and tunnels, antennae 3, four strong arms
a: Dig, Shaft Self, Renounce Religion, Heroism


You were on level 7 of the Dungeon.
You worshipped Okawaru.
Okawaru was pleased with you.
You visited 2 branches of the dungeon, and saw 10 of its levels.
You also visited: Ossuary.

You collected 381 gold pieces.

Inventory:

Hand Weapons
 a - a +0 war axe (weapon)
Missiles
 r - 6 javelins (quivered)
 I - 10 poisoned darts
Armour
 b - a +0 scale mail (worn)
 c - a +0 buckler (worn)
 H - a +2 pair of boots of flying (worn)
 K - a +2 cloak (worn)
Jewellery
 f - a +6 ring of strength (left hand)
 J - a ring of wizardry
Wands
 y - a wand of flame (22)
 z - a wand of polymorph (31)
 F - a wand of acid (3)
Scrolls
 g - 2 scrolls of teleportation {unknown}
 h - 2 scrolls of enchant weapon {unknown}
 l - a scroll of acquirement {unknown}
 m - a scroll of silence {unknown}
 n - a scroll of amnesia {unknown}
 o - 3 scrolls of immolation {unknown}
 q - 3 scrolls of vulnerability {unknown}
 u - 2 scrolls of fog {unknown}
 w - 3 scrolls of identify {unknown}
 x - a scroll of revelation {unknown}
 A - a scroll of torment {unknown}
 D - 2 scrolls of brand weapon {unknown}
 G - a scroll of enchant armour {unknown}
Potions
 d - a potion of might
 e - a potion of berserk rage {unknown}
 i - 3 potions of curing {unknown}
 j - 2 potions of lignification {unknown}
 k - 2 potions of heal wounds {unknown}
 p - 4 potions of attraction {unknown}
 s - 2 potions of magic {unknown}
 t - a potion of mutation {unknown}
 v - 2 potions of haste {unknown}
 B - a potion of resistance {unknown}
 C - a potion of degeneration {unknown}
 E - 2 potions of ambrosia


   Skills:
 - Level 3.2(8.2) Fighting
 + Level 13.4(18.4) Axes
 - Level 3.2(8.2) Armour
 - Level 4.0(9.0) Shields
 - Level 3.0 Invocations


You had 9 spell levels left.
You didn't know any spells.
Your spell library contained the following spells:

 Spells                   Type           Power      Damage    Failure   Level
 Apportation              Tloc           0%         N/A       65%         1
 Freeze                   Ice            0%         1d3       65%         1
 Necrotise                Necr           0%         1d4       65%         1
 Sting                    Conj/Alch      0%         1d3       65%         1
 Ensorcelled Hibernation  Hex/Ice        0%         N/A       80%         2
 Lesser Beckoning         Tloc           0%         N/A       80%         2
 Momentum Strike          Conj/Tloc      0%         3d8       80%         2
 Frozen Ramparts          Ice            0%         1d1       95%         3
 Fugue of the Fallen      Necr           0%         N/A       95%         3
 Hailstorm                Conj/Ice       0%         3d5       95%         3
 Inner Flame              Hex/Fire       0%         N/A       95%         3
 Anguish                  Hex/Necr       0%         N/A       100%        4
 Irradiate                Conj/Alch      0%         3d11      100%        5
 Conjure Ball Lightning   Conj/Air       0%         3x3d6     100%        6
 Discord                  Hex            0%         N/A       100%        8
 Disjunction              Tloc           0%         N/A       100%        8
 Ignition                 Fire           0%         3d3       100%        8
 Summon Small Mammal      Summ           Unusable   N/A       N/A         1
 Blink                    Tloc           Unusable   N/A       N/A         2

Dungeon Overview and Level Annotations

Branches:
Dungeon (9/15)             Temple (1/1) D:5         Ossuary (visited)
   Lair: D:8-11         Orc: D:9-12

Altars:
Ashenzari
Cheibriados
Dithmenos
Elyvilon
Fedhas
Gozag
Hepliaklqana
Kikubaaqudgha
Makhleb
Nemelex Xobeh
Okawaru
Qazlal
Ru
Sif Muna
Trog
Uskayaw
Vehumet
Wu Jian
Xom
Zin

Shops:
D:5 :

Portals:
Abyss: D:7

Annotations:
D:3 2 transporters, paps's ghost, amateur OpSh
D:5 5 runed translucent doors
D:6 2 transporters, Henri's ghost, novice OpSh
D:7 2 transporters, fly's ghost, novice KoDe


Innate Abilities, Weirdness & Mutations

You cannot be hasted, slowed, berserked, paralysed or teleported.
You can dig through walls and to a lower floor.
You have a pair of large antennae on your head. (SInv)
Your four strong arms can wield two-handed weapons with a shield.


Message History

The puff of flame hits you but does no damage.
The gnoll barely misses you.
You completely miss the orc wizard.
The orc wizard is moderately wounded.
You hit the orc warrior but do no damage.
You barely miss the gnoll. The orc warrior misses you.
The orc wizard gestures at you while chanting.
The magic dart hits you but does no damage.
The gnoll barely misses you.
You hit the orc warrior but do no damage.
You slash the gnoll!
You kill the gnoll!
Okawaru accepts your kill.
You slash the orc wizard!
You kill the orc wizard!
Okawaru accepts your kill.
The orc warrior hits you with a +0 dire flail.
You slash the orc warrior!
The orc warrior is heavily wounded.
You closely miss the orc warrior.
The orc warrior is heavily wounded.
The orc warrior hits you with a +0 dire flail.
You closely miss the orc warrior.
The orc warrior is heavily wounded.
The orc warrior hits you but does no damage.
You closely miss the orc warrior.
The orc warrior is heavily wounded.
The orc warrior hits you with a +0 dire flail.
* * * LOW HITPOINT WARNING * * *
You barely miss the orc warrior.
The orc warrior is heavily wounded.
The orc warrior hits you with a +0 dire flail!
* * * LOW HITPOINT WARNING * * *
Press: ? - help, v - describe, . - travel
Here: an orc warrior, wielding a +0 dire flail and wearing a +0 plate armour (heavily wounded)
The floor, spattered with blood.
Unknown command.
You gain the combat prowess of a mighty hero.
The orc warrior hits you with a +0 dire flail!
You die...

### #.########
######.#.......
#......#.#####. #.####...# ##
######'####.########
#........##.# #...#
#........##.# #.>.#
#........#### #...#
#####o.....# ######.##
#...#@)....# #...#....
###....).....# #.>...⌠..
######.......##...###...#....
#...............#..#######.##
##.###.......##.#########...#
#.# ###...............##.>.#
#.# #.....#####.....##...#
#.# #.###)#####.....######
#.#####'#.............######
#.........#.....##..........
######....#.....+...........


You could see an orc warrior.

Vanquished Creatures
  Maurice (D:7)
  Joseph (D:7)
  Grinder (D:6)
  Sigmund (D:3)
  Eustachio (D:6)
  2 steam dragons (D:6)
  2 water moccasins
  A black bear (D:7)
  An ice beast (D:6)
  2 phantoms (D:6)
  3 bullfrogs
  2 scorpions (D:5)
  2 wights (Ossuary)
  2 burial acolytes (Ossuary)
  6 hounds
  3 bombardier beetles
  An orc priest (D:5)
  A centaur skeleton (Ossuary)
  2 jellies
  2 iguanas (D:5)
  4 orc wizards
  7 adders
  4 gnolls
  A shadow imp (D:6)
  2 adder skeletons (Ossuary)
  4 dart slugs
  2 ribbon worms
  19 orcs
  7 ball pythons
  5 bats
  10 endoplasms
  3 giant cockroaches
  8 goblins
  5 hobgoblins
  12 jackals
  4 ball python skeletons (Ossuary)
  2 frilled lizards (D:2)
  A hobgoblin skeleton (Ossuary)
  6 kobolds
  A kobold skeleton (Ossuary)
  An orc skeleton (Ossuary)
  5 rats
150 creatures vanquished.

Notes
Turn   | Place    | Note
-------+----------+-------------------------------------------
     0 | D:1      | AlterAsc the Formicid Fighter began the quest for the Orb.
     0 | D:1      | Reached XP level 1. HP: 18/18 MP: 1/1
    59 | D:1      | Reached XP level 2. HP: 21/24 MP: 2/2
   453 | D:1      | Reached skill level 3 in Axes
   644 | D:1      | Reached XP level 3. HP: 29/29 MP: 3/3
  1154 | D:2      | Reached skill level 4 in Axes
  1154 | D:2      | Reached XP level 4. HP: 31/35 MP: 4/4
  1377 | D:2      | Found a radiant altar of Vehumet.
  1888 | D:3      | Reached XP level 5. HP: 41/41 MP: 5/5
  2082 | D:3      | Noticed Sigmund
  2092 | D:3      | Killed Sigmund
  2093 | D:3      | Reached skill level 6 in Axes
  2093 | D:3      | Reached XP level 6. HP: 23/47 MP: 6/6
  2203 | D:3      | Noticed paps's ghost (amateur OpSh)
  2357 | D:3      | Found a transporter.
  2363 | D:3      | Found a transporter.
  3178 | D:4      | Found a hide-covered altar of Uskayaw.
  3242 | D:5      | Entered Level 5 of the Dungeon
  3242 | D:5      | Noticed a water moccasin
  3242 | D:5      | Noticed a redback
  3242 | D:5      | Noticed a water moccasin
  3242 | D:5      | Noticed a redback
  3242 | D:5      | Noticed a water moccasin
  3243 | D:5      | Noticed a water moccasin
  3245 | D:5      | Found the +9 staff of Olgreb {rPois∞}
  3250 | D:5      | Found a runed translucent door.
  3266 | D:5      | Reached skill level 7 in Axes
  3266 | D:5      | Reached XP level 7. HP: 52/52 MP: 7/7
  3274 | D:5      | Found a runed translucent door.
  3279 | D:5      | Noticed a redback
  3279 | D:5      | Noticed a redback
  3280 | D:5      | Found a runed translucent gate.
  3280 | D:5      | Noticed a redback
  3402 | D:5      | Found a staircase to the Ecumenical Temple.
  3413 | Temple   | Entered the Ecumenical Temple
  3422 | Temple   | Became a worshipper of Warmaster Okawaru
  3558 | D:5      | Reached skill level 1 in Invocations
  3678 | D:5      | Noticed a water moccasin
  3682 | D:5      | Killed a water moccasin
  3683 | D:5      | Reached skill level 8 in Axes
  3683 | D:5      | Reached XP level 8. HP: 45/58 MP: 8/10
  3947 | D:5      | Found Josunn's Self-Published Books.
  3953 | D:5      | Identified the +8 sling "Ixukeip" {heavy, Dex+2}
  4115 | D:5      | Found a runed translucent gate.
  4115 | D:5      | Found a runed translucent gate.
  4118 | D:5      | Identified the +2 leather armour "Hogy" {rElec}
  4907 | D:6      | Noticed a queen bee
  5001 | D:6      | Noticed Eustachio
  5044 | D:6      | Found a sand-covered staircase.
  5049 | Ossuary  | Entered an ossuary
  5252 | Ossuary  | Reached skill level 9 in Axes
  5340 | Ossuary  | Reached * piety under Okawaru
  5346 | Ossuary  | HP: 1/56 [wight/+0 short sword (8)]
  5692 | D:6      | Killed Eustachio
  5693 | D:6      | Reached skill level 10 in Axes
  5816 | D:6      | Reached XP level 9. HP: 29/64 MP: 11/11
  6108 | D:6      | Found a transporter.
  6113 | D:6      | Found a transporter.
  6131 | D:6      | Reached skill level 11 in Axes
  6164 | D:6      | Reached ** piety under Okawaru
  6166 | D:6      | Noticed Grinder
  6194 | D:6      | Killed Grinder
  6520 | D:6      | Noticed Henri's ghost (novice OpSh)
  6744 | D:6      | Found a radiant altar of Vehumet.
  6747 | D:6      | Found a snail-covered altar of Cheibriados.
  6750 | D:6      | Found a bloodstained altar of Trog.
  6753 | D:6      | Found an ancient bone altar of Kikubaaqudgha.
  6965 | D:7      | Found a transporter.
  6970 | D:7      | Found a one-way gate to the infinite horrors of the Abyss.
  6970 | D:7      | Noticed fly's ghost (novice KoDe)
  6970 | D:7      | Noticed a white ugly thing
  6974 | D:7      | Found a transporter.
  7062 | D:7      | Noticed Maurice
  7078 | D:7      | Maurice stole a ring of wizardry
  7079 | D:7      | Maurice stole 219 gold
  7111 | D:7      | HP: 3/64 [Maurice/+0 dagger (4)]
  7112 | D:7      | You are sucked into a shaft and drop 2 floors!
  7396 | D:8      | Found an ornate altar of the Wu Jian Council.
  7396 | D:8      | Found a shadowy altar of Dithmenos.
  7404 | D:8      | Found a glowing silver altar of Zin.
  7557 | D:7      | Reached skill level 12 in Axes
  7738 | D:7      | Killed Maurice
  7739 | D:7      | Reached XP level 10. HP: 58/70 MP: 6/12
  8116 | D:7      | Noticed Joseph
  8138 | D:7      | Killed Joseph
  8138 | D:7      | Reached *** piety under Okawaru
  8139 | D:7      | Reached skill level 13 in Axes
  8547 | D:7      | Mangled by an orc warrior

Illustrated notes

Levels and vault maps discovered:
D:1:      onia_arrival_handbag, layout_loops_ring, kennysheep_small_spiral,
          patterned_corridor
D:2:      layout_basic, basic_altar, minmay_statues_item, minmay_pentomino_s2
D:3:      layout_loops_ring, gammafunk_ghost_gnarly_gnolls, uniq_sigmund
D:4:      layout_basic, mainiacjoe_overflow_alcove_4, serial_glass,
          glass_columns_b, glass_columns_b
D:5:      layout_basic, minmay_temple_entry_glass, serial_curves,
          eino_curves_04, eino_curves_01, nicolae_custom_books,
          minmay_guarded_unrand_staff_of_olgreb
D:6:      layout_gridville, grunt_temple_overflow_cloverleaf,
          gammafunk_ghost_hive, enter_ossuary_2, serial_glass, glass_columns_c,
          glass_columns_b, uniq_grinder, uniq_eustachio
D:7:      layout_basic, gammafunk_ghost_abyssal_escape,
          nicolae_elevator_lobby_plus, uniq_joseph, uniq_maurice
D:8:      minmay_the_grid_plus_closed [minmay_the_grid_fan,
          minmay_the_grid_tree, minmay_the_grid_outer_diamond,
          minmay_the_grid_diamond_grid, minmay_the_grid_prize_inner_circle],
          layout_basic, mainiacjoe_overflow_24_doors, lemuel_crystal_altar,
          gammafunk_temple_overflow_forgotten, serial_shops,
          nicolae_shop_rolled_up, chequers_serial_rivers_small_3,
          minmay_misc_feat_tower, uniq_psyche, uniq_maggie
D:9:      layout_roguey
Temple:   hc_temple_tempest_star

Skill      XL: |  1  2  3  4  5  6  7  8  9 10 |
---------------+-------------------------------+-----
Axes           | 3 4 6 7 8 10 12 13 | 13.4
Invocations    | 2 3 |  3.0
Fighting       | |  3.2
Armour         | |  3.2
Shields        | |  4.0

Action                     |  1- 3 |  4- 6 |  7- 9 | 10-12 || total
---------------------------+-------+-------+-------+-------++-------
  Melee: War axe           |   100 |   129 |   265 |    30 ||   524
         Unarmed           |       |       |    15 |       ||    15
  Throw: Dart              |       |       |    10 |       ||    10
         Javelin           |       |       |     2 |     1 ||     3
 Invoke: Heroism           |       |       |     3 |     1 ||     4
Ability: Dig               |       |     1 |       |       ||     1
         Shaft Self        |       |       |     1 |       ||     1
  Evoke: Wand              |       |       |     7 |       ||     7
    Use: Potion            |       |     1 |     1 |       ||     2
 Armour: Scale mail        |    67 |    96 |   211 |    36 ||   410
         Skin              |       |       |     2 |       ||     2
  Dodge: Dodged            |    53 |    58 |   142 |    13 ||   266
  Block: Buckler           |    33 |    20 |    92 |     6 ||   151
